 Dungeon Crawl Stone Soup version 0.22.0-76-g6cd1571672 (webtiles) character file.

52 Freyura the Twirler (level 3, 0/31 HPs)
             Began as a Minotaur Gladiator on Sept 16, 2018.
             Slain by Crazy Yiuf
             ... wielding a +3 quarterstaff of chaos
              (6 damage)
             ... on level 2 of the Dungeon.
             The game lasted 00:02:49 (1572 turns).

Freyura the Twirler (Minotaur Gladiator)            Turns: 1572, Time: 00:02:52

Health: 0/31       AC:  3    Str: 18    XL:     3   Next: 60%
Magic:  0/2        EV: 13    Int:  5    God:
Gold:   56         SH:  0    Dex: 12    Spells: 2/2 levels left

rFire    . . .     SeeInvis .   a - +0 quarterstaff
rCold    . . .     Gourm    .   (shield currently unavailable)
rNeg     . . .     Faith    .   b - +0 leather armour
rPois    .         Spirit   .   c - +0 hat
rElec    .         Reflect  .   (no cloak)
rCorr    .         Harm     .   (no gloves)
MR       .....                  (no boots)
Stlth    +.........             (no amulet)
HPRegen  0.10/turn              (no ring)
MPRegen  0.08/turn              (no ring)

@: slowed, very slow
A: retaliatory headbutt, horns 2
a: no special abilities


You were on level 2 of the Dungeon.
You were full.

You visited 1 branch of the dungeon, and saw 2 of its levels.

You collected 56 gold pieces.

Inventory:

Hand Weapons
 a - a +0 quarterstaff (weapon)
Missiles
 d - 3 throwing nets (quivered)
Armour
 b - a +0 leather armour (worn)
 c - a +0 hat (worn)
Jewellery
 p - a +5 ring of intelligence {unknown}
Scrolls
 e - a scroll of fear {unknown}
 h - a scroll of fog {unknown}
 j - 2 scrolls of identify {unknown}
 k - a scroll of blinking {unknown}
 n - a scroll of random uselessness {unknown}
 o - 2 scrolls of immolation {unknown}
 r - a scroll of remove curse {unknown}
 s - a scroll of noise {unknown}
Potions
 g - a potion of invisibility {unknown}
 i - a potion of curing {unknown}
 l - 2 potions of might {unknown}
 m - 2 potions of flight {unknown}
 q - a potion of heal wounds {unknown}
Comestibles
 f - a ration


   Skills:
 + Level 3.2 Fighting
 * Level 4.7 Staves
 - Level 2.0 Throwing
 + Level 3.7 Dodging


You had 2 spell levels left.
You didn't know any spells.
Your spell library was empty.

Dungeon Overview and Level Annotations

Branches:
Dungeon (2/15)

Altars:
Gozag

Annotations:
D:2 Crazy Yiuf


Innate Abilities, Weirdness & Mutations

You reflexively headbutt those who attack you in melee.
You have a pair of horns on your head.


Message History

Crazy Yiuf barely misses you.
You barely miss Crazy Yiuf. Your headbutt misses Crazy Yiuf.
Crazy Yiuf is moderately wounded.
Crazy Yiuf closely misses you. You furiously retaliate!
You headbutt Crazy Yiuf. You hit Crazy Yiuf.
Crazy Yiuf is severely wounded.
Crazy Yiuf hits you with a quarterstaff of chaos!
You closely miss Crazy Yiuf.
Crazy Yiuf is severely wounded.
Crazy Yiuf hits you with a quarterstaff of chaos.
You feel yourself slow down.
You closely miss Crazy Yiuf.
Crazy Yiuf is severely wounded.
Crazy Yiuf hits you with a quarterstaff of chaos.
* * * LOW HITPOINT WARNING * * *
Crazy Yiuf freezes you.
* * * LOW HITPOINT WARNING * * *
Crazy Yiuf hits you with a quarterstaff of chaos.
You die...

.....#.# #........>#
######.# #.......#.# #.#
#.......#.# #.#
#########.# ######.# #.#
#......####### #.#
#.......'..#.### #### #.#
#...........#..##...# #.#
...........####.@g..# ##.#
...[....+.## ###..)# #..#
.......#### #### #..#
.......# #..# #......#
##.#
.......#################.#
.........................#
##############..##########
......#########.#


You could see Crazy Yiuf.

Vanquished Creatures
  An adder (D:2)
  A dart slug (D:1)
  A leopard gecko (D:2)
  6 bats (D:1)
  2 giant cockroaches
  9 goblins
  3 hobgoblins (D:1)
  A quokka (D:2)
  2 frilled lizards (D:2)
  5 kobolds (D:1)
  7 rats
38 creatures vanquished.

Notes
Turn   | Place    | Note
-------+----------+-------------------------------------------
     0 | D:1      | Freyura the Minotaur Gladiator began the quest for the Orb.
     0 | D:1      | Reached XP level 1. HP: 18/18 MP: 0/0
   149 | D:1      | Reached skill level 4 in Staves
   179 | D:1      | Reached XP level 2. HP: 21/25 MP: 1/1
  1043 | D:2      | Found an opulent altar of Gozag.
  1104 | D:2      | Reached XP level 3. HP: 28/31 MP: 2/2
  1127 | D:2      | Found a faded altar of an unknown god.
  1559 | D:2      | Found a runed door.
  1563 | D:2      | Noticed Crazy Yiuf
  1572 | D:2      | Slain by Crazy Yiuf

Skill      XL: |  1  2 |
---------------+-------+-----
Staves         | 4 |  4.7
Fighting       | 3 |  3.2
Throwing       | |  2.0
Dodging        | |  3.7

Action                   || total
-------------------------++-------
Melee: Quarterstaff      ||    68
       Headbutt          ||    10
  Eat: Ration            ||     2
       Chunk             ||     1
Armor: Leather armour    ||    16
Dodge: Dodged            ||    53
